cohdb
Replays
Latest Replays
All Replays
Popular Replays
Top Player Replays
Match Explorer
How It Works
Community
CoH3 Stats
Reddit
Sign in to upload your games and track your stats! →
Sign in with Steam
Match 41286382
Unlisted
Match 41286382
Overview
Messages
Build Orders
End
Kettenkrad Recon Vehicle
Construct Infanterie Kompanie
Selects Breakthrough Battlegroup
Grenadier Squad
Grenadier Squad
Sniper
Construct Panzergrenadier Kompanie
Pak 40 Anti-tank Gun Team
Grenadier Squad
Medical Bunker
Selects Assault Grenadiers
Selects Smoke Bombing Run
Selects Mechanized Assault Group
Mechanized Assault Group
Support Elements
Selects Rapid Production
StuG III G Assault Gun
Panzergrenadier Squad
Panzergrenadier Squad
Panzergrenadier Officer Quarters
Selects Blitzkrieg
Grenadier Squad
Construct Panzer Kompanie
Panzer IV Medium Tank
Panzer Officer Quarters
Pioneer Squad
Pioneer Squad
Selects Tiger Heavy Tank
Tiger Heavy Tank
Blitzkrieg
Stoßtruppen Squad
Panzer IV Medium Tank
Salis
Spaghetti
0
0
Comments
sign in to comment!
No comments posted yet!